 Dungeon Crawl Stone Soup version 0.32-a0-485-g70f7560b1c (webtiles) character file.

Game seed: 13445802462468264308

1258 Drazool the Shooter (level 8, 0/61 HPs)
             Began as a Coglin Hunter on Feb 27, 2024.
             Was an Elder of Qazlal.
             Slain by an ice beast (14 damage)
             ... on level 5 of the Dungeon.
             The game lasted 00:15:47 (3991 turns).

Drazool the Shooter (Coglin Hunter)                 Turns: 3991, Time: 00:15:48

Health: 0/61       AC:  5    Str: 12    XL:     8   Next: 51%
Magic:  11/11      EV: 14    Int:  9    God:    Qazlal [****..]
Gold:   157        SH:  5    Dex: 19    Spells: 7/7 levels left

rFire   . . .        a - +0 shortbow {Haoran}
rCold   . . .        (shield currently unavailable)
rNeg    . . .        c - +0 leather armour
rPois   .            s - +2 hat
rElec   .            (no cloak)
rCorr   .            (no gloves)
SInv    .            (no boots)
Will    .....        h - amulet of regeneration
Stlth   +            (ring unavailable)
HPRegen 1.10/turn    (ring unavailable)
MPRegen 0.12/turn

%: repel missiles
@: revving
A: off-hand wielding, slow wielding, warmup strikes, no rings
a: Renounce Religion, Upheaval, Elemental Force


You were on level 5 of the Dungeon.
You worshipped Qazlal.
Qazlal was greatly pleased with you.
You visited 1 branch of the dungeon, and saw 6 of its levels.
You also visited: Sewer.

You collected 201 gold pieces.
You spent 44 gold pieces at shops.


Innate Abilities, Weirdness & Mutations

You can wield a second weapon in your off-hand.
It takes a long time for you to wield or remove held weapons.
Your first few attacks do less damage.
Your grasper-arms cannot wear rings.


   Skills:
 + Level 4.9 Fighting
 - Level 6.0 Ranged Weapons
 - Level 5.0 Dodging
 - Level 0.7 Stealth
 - Level 4.0 Invocations


You had 7 spell levels left.
You didn't know any spells.
Your spell library was empty.

Inventory:

Hand Weapons
 a - a +0 shortbow (weapon) {Haoran}
 b - a +2 dagger of venom {Joji}
 u - a +1 vampiric trident
 v - a +4 falchion of electrocution
Missiles
 p - a throwing net {=f}
Armour
 c - a +0 leather armour (worn)
 s - a +2 hat (worn)
 y - a +0 helmet
Jewellery
 h - an amulet of regeneration (around neck)
Scrolls
 g - 2 scrolls of enchant weapon
 j - a scroll of butterflies
 m - a scroll of enchant armour
 o - 2 scrolls of blinking
 r - a scroll of amnesia
 x - a scroll of vulnerability
 z - a scroll of fog {unknown}
Potions
 d - a potion of might {unknown}
 e - a potion of ambrosia
 f - 2 potions of lignification
 i - a potion of invisibility {unknown}
 k - 2 potions of curing {@q1}
 l - a potion of degeneration {unknown}
 n - a potion of mutation {unknown}
 q - a potion of attraction {unknown}
 t - a potion of brilliance {unknown}
 w - 2 potions of heal wounds {@q2}

Dungeon Overview and Level Annotations

Branches:
Dungeon (6/15)             Temple (0/1) D:5           Sewer (visited)

Altars:
Cheibriados
Qazlal
Wu Jian

Shops:
D:3 [   D:4 :

Annotations:
D:3 1 runed translucent door, Crazy Yiuf

.#.##...▒▒▒.▒..# #.#
##....▒▒▒...▒▒.## ##.#
#..▒........▒..### #..#
#....▒▒..>..▒▒...# #..#
##.#...▒........▒.####..#
.......▒▒...▒▒▒..°......#
.#.##..[▒.▒▒▒...☼.......#
.#.####.▒.▒...##Y○#######
.#.####...)..###@.# #.# #######
.....##..▒.#..#..○####.# #.....#
.######....##.○........# #.###.#
.............(....####.####.###.#
.)#####..########## #.#.........
.#.......# #########.####.....#
.#.####..#####......##........###
.#.# ##.##.##................#
.#.# #.##.##.####.##.#.....##


You could see an ice beast.


Message History

* * * LOW HITPOINT WARNING * * *
The ice beast freezes you.
* * * LOW HITPOINT WARNING * * *
Unknown command.
Fire: a) +0 shortbow {Haoran}
Press: ? - help, Q - select action, (/) - cycle Shift-Dir - straight line, f/p - ice beast
Aim: an ice beast (almost dead, 66% to hit)
You shoot an arrow. The arrow closely misses the ice beast.
The ice beast closely misses you.
Unknown command.
The ice beast barely misses you. The ice beast hits you.
* * * LOW HITPOINT WARNING * * *
The ice beast freezes you!
* * * LOW HITPOINT WARNING * * *
The ice beast hits you.
* * * LOW HITPOINT WARNING * * *
The ice beast freezes you!
* * * LOW HITPOINT WARNING * * *
Unknown command.
You feel better.
Fire: a) +0 shortbow {Haoran}
Press: ? - help, Q - select action, (/) - cycle Shift-Dir - straight line, f/p - ice beast
Aim: an ice beast (severely wounded, 66% to hit)
You shoot an arrow. The arrow hits the ice beast.
The ice beast is almost dead.
The ice beast closely misses you. The ice beast hits you.
* * * LOW HITPOINT WARNING * * *
The ice beast freezes you!
You die...

Skill      XL: |  1  2  3  4  5  6  7  8 |
---------------+-------------------------+-----
Ranged Weapons | 4 5 6 |  6.0
Dodging        | 2 4 5 |  5.0
Fighting       | 4 |  4.9
Invocations    | 1 4 |  4.0
Stealth        | |  0.7

Action                     |  1- 3 |  4- 6 |  7- 9 || total
---------------------------+-------+-------+-------++-------
  Melee: Dagger            |    77 |   173 |    62 ||   312
         Unarmed           |       |     1 |       ||     1
   Fire: Shortbow          |    34 |    44 |   119 ||   197
    Use: Scroll            |       |     8 |     6 ||    14
         Potion            |       |       |     2 ||     2
   Stab: Sleeping          |     2 |       |       ||     2
 Armour: Leather armour    |    52 |   110 |    77 ||   239
  Dodge: Dodged            |    56 |   140 |   107 ||   303
  Block: Other             |       |    31 |    33 ||    64

Levels and vault maps discovered:
D:1:      dpeg_arrival_shrine, layout_loops_ring,
          chequers_ecumenical_altar_island
D:2:      layout_basic, basic_altar
D:3:      layout_rooms, serial_shops,
          nicolae_shop_temple_entry_statues_fountains, uniq_terence,
          uniq_crazy_yiuf_cottage
D:4:      layout_basic, mainiacjoe_overflow_tiny_flanked,
          mainiacjoe_sewer_entry_somewhere_in_here_1,
          nicolae_shop_i_like_big_books
D:5:      layout_basic, minmay_temple_entry_slanted, grunt_ministairs_12
D:6:      layout_basic, nicolae_custom_books, uniq_edmund

Notes
Turn   | Place    | Note
-------+----------+-------------------------------------------
     0 | D:1      | Drazool the Coglin Hunter began the quest for the Orb.
     0 | D:1      | Reached XP level 1. HP: 16/16 MP: 1/1
     9 | D:1      | You fall into a shaft and drop 1 floor!
   297 | D:1      | Reached skill level 4 in Ranged Weapons
   297 | D:1      | Reached XP level 2. HP: 19/22 MP: 2/2
   494 | D:1      | Reached XP level 3. HP: 22/27 MP: 3/3
   596 | D:1      | Found a faded altar of an unknown god.
   612 | D:1      | Prayed at the altar of an unknown god.
   612 | D:1      | Became a worshipper of Qazlal Stormbringer
   612 | D:1      | Reached * piety under Qazlal
  1135 | D:2      | Found a snail-covered altar of Cheibriados.
  1548 | D:3      | Noticed Terence
  1560 | D:3      | Killed Terence
  1561 | D:3      | Reached skill level 5 in Ranged Weapons
  1561 | D:3      | Reached XP level 4. HP: 28/33 MP: 4/4
  1616 | D:3      | Reached ** piety under Qazlal
  1680 | D:3      | Reached skill level 2 in Dodging
  1784 | D:3      | Found Bifenir's Armour Emporium.
  1793 | D:3      | Bought a +0 hat for 44 gold pieces
  1948 | D:3      | Found a runed translucent door.
  1949 | D:3      | Noticed Crazy Yiuf
  2066 | D:4      | Noticed a scorpion
  2066 | D:4      | Noticed a scorpion
  2067 | D:4      | Noticed a scorpion
  2140 | D:4      | Reached XP level 5. HP: 36/38 MP: 5/5
  2141 | D:4      | Reached skill level 3 in Dodging
  2342 | D:4      | Reached skill level 4 in Dodging
  2342 | D:4      | Reached XP level 6. HP: 44/44 MP: 6/6
  2347 | D:4      | Found a glowing drain.
  2354 | Sewer    | Entered a sewer
  2447 | Sewer    | Reached *** piety under Qazlal
  2582 | Sewer    | Reached skill level 3 in Fighting
  2679 | Sewer    | Reached skill level 4 in Fighting
  2679 | Sewer    | Reached skill level 1 in Invocations
  2679 | Sewer    | Reached XP level 7. HP: 33/54 MP: 7/7
  2805 | D:4      | Reached skill level 2 in Invocations
  2915 | D:4      | Found Xylaant Ipsy's Tremendous Tomes.
  2947 | D:4      | Found an ornate altar of the Wu Jian Council.
  2993 | D:4      | Reached **** piety under Qazlal
  3066 | D:4      | Reached skill level 3 in Invocations
  3147 | D:4      | Reached skill level 4 in Invocations
  3147 | D:4      | Reached XP level 8. HP: 60/60 MP: 9/11
  3213 | D:4      | Reached skill level 5 in Dodging
  3262 | D:5      | Entered Level 5 of the Dungeon
  3506 | D:5      | Reached skill level 6 in Ranged Weapons
  3526 | D:5      | Found a staircase to the Ecumenical Temple.
  3987 | D:5      | HP: 2/61 [ice beast (8)]
  3991 | D:5      | Slain by an ice beast

Vanquished Creatures
  A phantom (D:4)
  2 bullfrogs (Sewer)
  5 scorpions
  6 killer bees (D:4)
  2 howler monkeys
  2 hounds
  An iguana (D:5)
  Terence (D:3)
  A sleepcap (D:4)
  7 gnolls
  8 adders
  A river rat (D:4)
  A white imp (D:5)
  4 dart slugs
  2 ribbon worms
  7 orcs
  16 endoplasms
  13 giant cockroaches
  11 goblins
  2 hobgoblins
  6 jackals
  5 quokkas
  17 ball pythons
  2 bats
  15 frilled lizards
  5 kobolds
  6 rats
149 creatures vanquished.

Table legend: (Time is in decaauts)
 A = Elapsed time spent in this place.
 B = Non-inter-level travel time spent in this place.
 C = Inter-level travel time spent in this place.
 D = Time resting spent in this place.
 E = Time spent auto-exploring this place.
 F = Levels seen in this place.
 G = Mean time per level.
                   A        B        C        D        E       F      G
               +--------+--------+--------+--------+--------+-----+--------+
         Total |   4110 |   3962 |    148 |      0 |   2568 |   7 |  587.1 |
       Dungeon |   3675 |   3527 |    148 |      0 |   2435 |   6 |  612.5 |
         Sewer |    434 |    434 |      0 |      0 |    132 |   1 |  434.0 |
               +--------+--------+--------+--------+--------+-----+--------+

Top non-repeatable levels by time:
     D:2: 924 daAuts
     D:4: 820 daAuts
     D:5: 738 daAuts
     D:1: 639 daAuts
     D:3: 547 daAuts
   Sewer: 434 daAuts
     D:6: 6 daAuts

Table legend:
 A = Non-vault XP
 B = Vault XP
 C = Vault XP percentage of total XP
 D = Non-vault monster count
 E = Vault monster count
 F = Vault count percentage of total count
                 A         B        C        D         E       F
            +---------+---------+-------+---------+---------+-------
      Total |    1365 |     433 |  24.1 |      90 |      59 |  39.6
            +---------+---------+-------+---------+---------+-------
        D:1 |      44 |       0 |   0.0 |      28 |       0 |   0.0
        D:2 |      34 |       0 |   0.0 |      13 |       0 |   0.0
        D:3 |      37 |      36 |  49.3 |      14 |       1 |   6.7
        D:4 |     932 |      21 |   2.2 |      24 |       6 |  20.0
        D:5 |     318 |      46 |  12.6 |      11 |       4 |  26.7
      Sewer |       0 |     330 | 100.0 |       0 |      48 | 100.0
            +---------+---------+-------+---------+---------+-------
